 Dungeon Crawl Stone Soup version 0.23.2-1-ga50397a6bc (webtiles) character file.

Game seed: 5481884350723651740

56 Revguard the Slasher (level 3, -1/27 HPs)
             Began as a Demonspawn Gladiator on Apr 30, 2019.
             Slain by an ogre
             ... wielding a +0 giant club
              (19 damage)
             ... on level 2 of the Dungeon.
             The game lasted 00:03:33 (1333 turns).

Revguard the Slasher (Demonspawn Gladiator)         Turns: 1333, Time: 00:03:33

Health: -1/27      AC:  8    Str: 15    XL:     3   Next: 71%
Magic:  3/3        EV: 12    Int:  9    God:
Gold:   57         SH:  0    Dex: 16    Spells: 2/2 levels left

rFire    + . .     SeeInvis .   a - +0 long sword
rCold    + . .     Gourm    .   (no shield)
rNeg     . . .     Faith    .   e - +0 scale mail
rPois    .         Spirit   .   (helmet restricted)
rElec    .         Reflect  .   n - scarf {rC+ rF+}
rCorr    .         Harm     .   l - +0 pair of gloves
MR       .....     Clarity  +   p - +0 pair of boots
Stlth    +.........             (no amulet)
HPRegen  0.09/turn              m - +1 ring of evasion
MPRegen  0.08/turn              (no ring)

@: lethally poisoned (-1 -> -6)
A: antennae 2, thin skeletal structure 1, clarity
a: no special abilities


You were on level 2 of the Dungeon.
You were very hungry.

You visited 1 branch of the dungeon, and saw 2 of its levels.

You collected 57 gold pieces.

Inventory:

Hand Weapons
 a - a +0 long sword (weapon)
Missiles
 d - 3 throwing nets (quivered)
Armour
 c - a +0 helmet
 e - a +0 scale mail (worn)
 l - a +0 pair of gloves (worn)
 n - a scarf of resistance (worn)
 p - a +0 pair of boots (worn)
Jewellery
 m - a +1 ring of evasion (left hand)
Scrolls
 b - a scroll of enchant weapon {unknown}
 g - 2 scrolls of identify {unknown}
 i - a scroll of remove curse {unknown}
 j - 3 scrolls of teleportation {unknown}
 k - a scroll of fog {unknown}
 o - a scroll of immolation {unknown}
Potions
 h - a potion of haste
Comestibles
 f - 6 rations


   Skills:
 + Level 2.2 Fighting
 + Level 3.5 Long Blades
 - Level 1.7 Throwing
 + Level 0.6 Armour
 + Level 3.2 Dodging


You had 2 spell levels left.
You didn't know any spells.
Your spell library was empty.

Dungeon Overview and Level Annotations

Branches:
Dungeon (2/15)

Altars:
Ashenzari
Hepliaklqana
Okawaru
The Shining One

Annotations:
D:2 1 transporter


Innate Abilities, Weirdness & Mutations

You have a pair of antennae on your head.
You have a somewhat thin skeletal structure. (Dex +2, Stealth)
You possess an exceptional clarity of mind.


Message History

The worker ant barely misses you. The worker ant barely misses you.
You see here 23 arrows.
The worker ant bites you.
You are poisoned.
The worker ant poisons you!
You see here a scroll labeled XERYFE XUMYSA.
You feel sick.
Okay, then.
Your scale mail prevents you from hitting the ogre.
You feel sick.
The worker ant bites you but does no damage.
The ogre barely misses you. The worker ant barely misses you.
The worker ant zombie bites you.
You barely miss the ogre.
You feel sick. The worker ant barely misses you.
You riposte.
You hit the worker ant but do no damage.
The ogre hits you with a +0 giant club!!
Ouch! That really hurt!
You die...

.#..#....# #..#########..##.....
.#..#########.##...©...##......##
##.....(......#8..#.#..8#.(....'.
#.##########.#$$#...#..#......##
#............#.$.......#....####
#..#######.[©#_$....©..#©.......
#............#$K.......#...#####
#............#Oa#.".#..#...# ##
#............#8@Z#.#..8#...# #.
##.#..........##.......##...# #.
.....##...#.#..#########....# #.
##.#......#.#............#### ##
#.####.###.#.#########.## #.#
#.....#.#. ).. ##.##
#######.#.#################
#...#########.#..................
#.............#..######....#####.


You could see an ogre, a worker ant, a worker ant zombie and a kobold.

Vanquished Creatures
  An adder (D:2)
  A worm (D:2)
  A dart slug (D:1)
  3 leopard geckos
  3 orcs (D:2)
  3 bats (D:1)
  4 giant cockroaches
  4 hobgoblins
  4 kobolds
  2 frilled lizards
  4 goblins
  4 rats
34 creatures vanquished.

Notes
Turn   | Place    | Note
-------+----------+-------------------------------------------
     0 | D:1      | Revguard the Demonspawn Gladiator began the quest for the
                  | Orb.
     0 | D:1      | Reached XP level 1. HP: 16/16 MP: 1/1
    96 | D:1      | Gained mutation: You have a somewhat thin skeletal
                  | structure. (Dex +2, Stealth) [demonic ancestry]
    96 | D:1      | Reached XP level 2. HP: 21/22 MP: 2/2
   758 | D:2      | Found a glowing golden altar of the Shining One.
   780 | D:2      | Found a shattered altar of Ashenzari.
   782 | D:2      | Noticed an ogre
   803 | D:2      | Gained mutation: You have a pair of small antennae on your
                  | head. [demonic ancestry]
   803 | D:2      | Reached XP level 3. HP: 27/27 MP: 3/3
   807 | D:2      | Found a transporter.
   835 | D:2      | Found a transporter.
   884 | D:2      | Gained mutation: You possess an exceptional clarity of
                  | mind. [potion of mutation]
   884 | D:2      | Gained mutation: You have a pair of antennae on your head.
                  | [potion of mutation]
   903 | D:2      | Found a hazy altar of Hepliaklqana.
  1034 | D:2      | Found an iron altar of Okawaru.
  1333 | D:2      | Slain by an ogre

Skill      XL: |  1  2 |
---------------+-------+-----
Long Blades    | 3 |  3.5
Dodging        | 3 |  3.2
Fighting       | |  2.2
Throwing       | |  1.7
Armour         | |  0.6

Action                   || total
-------------------------++-------
Melee: Long sword        ||    78
  Use: Potion            ||     3
Armor: Scale mail        ||    33
       Leather armour    ||     5
Dodge: Dodged            ||    61
       Rpst.: Long sword ||    18
